 Dungeon Crawl Stone Soup version 0.31-a0-986-g5e6e4ef867 (webtiles) character file.

Game seed: 4594305878069050623

266916 sokol815 the Warrior (level 20, -27/168 HPs)
             Began as a Gnoll Wanderer on Nov 4, 2023.
             Was the Champion of Wu Jian.
             Annihilated by a golden dragon simulacrum (45 damage)
             ... in an ice cave on Nov 5, 2023.
             The game lasted 02:08:58 (41049 turns).

sokol815 the Warrior (Gnoll Wanderer)              Turns: 41049, Time: 02:08:59

Health: -27/168    AC: 16    Str: 13    XL:     20   Next: 51%
Magic:  38/38      EV: 38    Int: 13    God:    Wu Jian [******]
Gold:   3421       SH: 16    Dex: 27    Spells: 28/47 levels left

rFire   + + .        b - +4 rapier of Ixiory {spect, Str+3 Dex+3}
rCold   . . .        t - +2 buckler {rF+}
rNeg    + . .        Z - +1 robe of Vines {NoPotionHeal Regen++++}
rPois   +            u - +2 hat
rElec   +            f - +2 ratskin cloak {*Rats rPois rN+ Str-1 Int-1 Dex+1}
rCorr   .            D - +0 pair of gloves of Broken Taboos {rElec rF+ Int+4 Slay+2}
SInv    .            i - +3 pair of seven-league boots {Rampage+∞}
Will    +....        e - amulet of reflection
Stlth   +++          Q - +4 ring of slaying
HPRegen 3.68/turn    k - ring of flight {+Fly, !d}
MPRegen 0.26/turn

%: reflection
@: in a heavenly storm, flying, hasted, glowing, very quick
A: fangs 1, strong nose, distributed training
}: 1/15 runes: serpentine
a: Renounce Religion, Wall Jump, Serpent's Lash, Heavenly Storm


You were in an ice cave.
You worshipped Wu Jian.
Wu Jian was exalted by your worship.
You visited 6 branches of the dungeon, and saw 31 of its levels.
You also visited: Ice Cave.

You collected 3751 gold pieces.
You spent 330 gold pieces at shops.

Inventory:

Hand Weapons
 b - the +4 rapier of Ixiory (weapon) {spect, Str+3 Dex+3}
   (You acquired it on level 3 of the Dungeon)

   Str+3:     It affects your strength (+3).
   Dex+3:     It affects your dexterity (+3).
 m - a +3 sling of electrocution
   (You took it off Joseph on level 1 of the Lair of Beasts)
 w - a +3 scimitar of flaming
   (You took it off an efreet on level 15 of the Dungeon)
Missiles
 r - 4 atropa-tipped darts
 z - 8 silver javelins
Armour
 a - a +0 kite shield of reflection
   (You took it off a naga warrior on level 4 of the Snake Pit)
 f - the +2 ratskin cloak (worn) {*Rats rPois rN+ Str-1 Int-1 Dex+1}
   (You found it on level 5 of the Dungeon)

   *Rats:     When the wearer is hurt, rats may emerge from it to assist them.
   Str-1:     It affects your strength (-1).
   Int-1:     It affects your intelligence (-1).
   Dex+1:     It affects your dexterity (+1).
   rPois:     It protects you from poison rN+: It protects you from negative
   energy.
 i - the +3 pair of seven-league boots (worn) {Rampage+∞}
   (You found it on level 5 of the Lair of Beasts)

   Rampage+∞: When moving toward enemies, its wearer moves as far as possible,
   alerting their target en route.
 t - a +2 buckler of fire resistance (worn)
   (You took it off a tengu warrior on level 14 of the Dungeon)
 u - a +2 hat (worn)
   (You found it on level 1 of the Vaults)
 D - the +0 pair of gloves of Broken Taboos (worn) {rElec rF+ Int+4 Slay+2}
   (You found it on level 2 of the Snake Pit)

   Int+4:     It affects your intelligence (+4).
   Slay+2:    It affects your accuracy & damage with ranged weapons and melee
   (+2).
   rF+:       It protects you from fire.
   rElec:     It insulates you from electricity.
 Z - the +1 robe of Vines (worn) {NoPotionHeal Regen++++}
   (You found it on level 4 of the Snake Pit)

   NoPotionHeal: Its wearer cannot be healed by potions.
   Regen++++: It increases your rate of health regeneration.
Jewellery
 e - an amulet of reflection (around neck)
   (You found it on level 1 of the Lair of Beasts)
 g - a +5 ring of evasion
   (You found it on level 3 of the Lair of Beasts)
 k - a ring of flight (right hand) {+Fly, !d}
   (You found it on level 6 of the Dungeon)
 l - the ring "Joircho" {rN+ rCorr Stlth+}
   (You found it on level 1 of the Vaults)

   [ring of resist corrosion]

   rN+:       It protects you from negative energy.
   rCorr:     It protects you from acid and corrosion.
   Stlth+:    It makes you more stealthy.
 A - a +4 ring of protection
   (You found it on level 1 of the Dungeon)
 C - a ring of protection from cold {rC+, !d}
   (You found it on level 10 of the Dungeon)
 F - a ring of protection from fire {rF+, !d}
   (You found it on level 10 of the Dungeon)
 Q - a +4 ring of slaying (left hand)
   (You acquired it on level 4 of the Vaults)
 V - a ring of see invisible {sInv, !d}
   (You found it on level 5 of the Dungeon)
 W - the ring of the Ancients {Will+ Str+6 Int+2 Stlth-}
   (You found it on level 1 of the Vaults)

   [ring of strength]

   Str+6:     It affects your strength (+6).
   Int+2:     It affects your intelligence (+2).
   Will+:     It increases your willpower.
   Stlth-:    It makes you less stealthy.
Wands
 d - a wand of digging (2)
   (You found it on level 3 of the Snake Pit)
 j - a wand of polymorph (9)
   (You took it off Maggie on level 6 of the Dungeon)
 o - a wand of roots (16)
   (You found it on level 8 of the Dungeon)
 p - a wand of paralysis (11)
   (You took it off an orc knight on level 13 of the Dungeon)
 q - a wand of flame (25)
   (You found it on level 3 of the Snake Pit)
 y - a wand of mindburst (13)
   (You found it on level 2 of the Vaults)
 X - a wand of light (26)
   (You found it on level 12 of the Dungeon)
Scrolls
 n - a scroll of fog
 x - a scroll of revelation
 E - 2 scrolls of fear
 K - 4 scrolls of identify {@r1}
 L - 4 scrolls of poison
 O - a scroll of silence
 S - 6 scrolls of summoning
 Y - 6 scrolls of teleportation {@r3}
Potions
 c - 7 potions of enlightenment
 h - 2 potions of might
 s - a potion of cancellation
 v - 3 potions of attraction {!q}
 B - 7 potions of brilliance
 G - 2 potions of ambrosia {!q}
 H - 8 potions of haste
 I - 5 potions of invisibility
 J - 11 potions of curing {@q1}
 M - 2 potions of magic
 N - 3 potions of heal wounds {@q2}
 P - 3 potions of lignification {!q}
 R - 4 potions of resistance
 T - 2 potions of berserk rage {!q}
 U - 4 potions of mutation {!q}


   Skills:
 + Level 17.1 Fighting
 + Level 15.3 Short Blades
 + Level 14.2 Long Blades
 + Level 14.0 Axes
 + Level 14.0 Maces & Flails
 + Level 14.0 Polearms
 + Level 14.0 Staves
 + Level 14.0 Ranged Weapons
 + Level 14.0 Throwing
 + Level 14.0 Armour
 + Level 14.0 Dodging
 + Level 14.0 Stealth
 + Level 14.0 Shields
 + Level 14.0 Unarmed Combat
 + Level 14.0 Spellcasting
 + Level 11.9 Conjurations
 + Level 11.9 Hexes
 + Level 11.9 Summonings
 + Level 11.9 Necromancy
 + Level 11.9 Translocations
 + Level 11.9 Transmutations
 + Level 11.9 Fire Magic
 + Level 11.9 Ice Magic
 + Level 11.9 Air Magic
 + Level 11.9 Earth Magic
 + Level 11.9 Poison Magic
 + Level 15.2 Invocations
 + Level 14.2 Evocations
 + Level 12.9 Shapeshifting


You had 28 spell levels left.
You knew the following spells:

 Your Spells              Type           Power      Damage    Failure   Level
a - Tukima's Dance        Hex            40%        N/A       1%          3
b - Poisonous Vapours     Pois/Air       80%        N/A       1%          2
c - Summon Lightning Spi  Summ/Air       40%        N/A       1%          4
d - Yara's Violent Unrav  Hex/Tmut       20%        3d9       1%          5
z - Lee's Rapid Deconstr  Erth           20%        3d12*     1%          5

Your spell library contained the following spells:

 Spells                   Type           Power      Damage    Failure   Level
 Foxfire                  Conj/Fire      100%       2x1d9     1%          1
 Freeze                   Ice            100%       1d10      1%          1
 Magic Dart               Conj           100%       1d8       1%          1
 Necrotise                Necr           100%       1d9       1%          1
 Slow                     Hex            100%       N/A       1%          1
 Sting                    Tmut/Pois      100%       1d8       1%          1
 Call Imp                 Summ           80%        N/A       1%          2
 Ensorcelled Hibernation  Hex/Ice        80%        N/A       1%          2
 Jinxbite                 Hex            80%        N/A       1%          2
 Lesser Beckoning         Tloc           80%        N/A       1%          2
 Passwall                 Tmut/Erth      33%        N/A       1%          2
 Static Discharge         Conj/Air       80%        3-7/arc   1%          2
 Confusing Touch          Hex            40%        N/A       1%          3
 Frozen Ramparts          Ice            80%        1d13      1%          3
 Gell's Gravitas          Tloc           40%        N/A       1%          3
 Hailstorm                Conj/Ice       40%        3d10      1%          3
 Ignite Poison            Fire/Tmut/Pois 40%        N/A       1%          3
 Mephitic Cloud           Conj/Pois/Air  40%        N/A       1%          3
 Ozocubu's Armour         Ice            40%        N/A       1%          3
 Sigil of Binding         Hex            40%        N/A       1%          3
 Stone Arrow              Conj/Erth      80%        3d12      1%          3
 Swiftness                Air            40%        N/A       1%          3
 Teleport Other           Tloc           40%        N/A       1%          3
 Vampiric Draining        Necr           40%        2d8       1%          3
 Anguish                  Hex/Necr       20%        N/A       1%          4
 Animate Armour           Summ/Erth      80%        N/A       1%          4
 Animate Dead             Necr           40%        N/A       1%          4
 Dimensional Bullseye     Hex/Tloc       20%        N/A       1%          4
 Flame Wave               Conj/Fire      40%        2d11      1%          4
 Iskenderun's Mystic Bla  Conj/Tloc      40%        2d9       1%          4
 Olgreb's Toxic Radiance  Pois           40%        N/A       1%          4
 Passage of Golubria      Tloc           40%        N/A       1%          4
 Petrify                  Tmut/Erth      40%        N/A       1%          4
 Sticky Flame             Conj/Fire      40%        2d6       1%          4
 Summon Ice Beast         Ice/Summ       40%        N/A       1%          4
 Vhi's Electric Charge    Tloc/Air       80%        N/A       1%          4
 Agony                    Necr           40%        N/A       1%          5
 Arcjolt                  Conj/Air       20%        1d30      1%          5
 Metabolic Englaciation   Hex/Ice        20%        N/A       1%          5
 Summon Forest            Summ/Tloc      20%        N/A       1%          5
 Summon Mana Viper        Hex/Summ       40%        N/A       1%          5
 Conjure Ball Lightning   Conj/Air       20%        3x3d6     10%         6
 Plasma Beam              Fire/Air       20%        2x1d32    10%         6
 Simulacrum               Ice/Necr       20%        N/A       10%         6
 Starburst                Conj/Fire      20%        6d7       10%         6
 Summon Cactus Giant      Summ           20%        N/A       10%         6
 Haunt                    Necr/Summ      20%        N/A       47%         7
 Orb of Destruction       Conj           20%        9d8       47%         7
 Ozocubu's Refrigeration  Ice            20%        4d11      47%         7
 Spellforged Servitor     Conj/Summ      20%        N/A       47%         7
 Ignition                 Fire           20%        3d7       99%         8
 Infestation              Necr           20%        N/A       99%         8
 Lehudib's Crystal Spear  Conj/Erth      20%        10d6      99%         8
 Polar Vortex             Ice            20%        12d2*     100%        9


Dungeon Overview and Level Annotations

Branches:
Dungeon (15/15) Zot: 24667  Temple (0/1) D:7            Lair (5/5) D:9 Zot: 23360
 Shoals (1/4) Lair:3 Zot: 5942   Snake (4/4) Lair:2 Zot: 16855   Slime (0/5) Lair:4
    Orc (2/2) D:9 Zot: 9612     Elf (0/3) Orc:2        Vaults (4/5) D:13 Zot: 18483
  Crypt (0/3) Vaults:2     Depths (0/4) D:15          IceCv (1/1) Zot: 5995

Altars:
Gozag
Kikubaaqudgha
Makhleb
Okawaru
Qazlal
Ru
Sif Muna
Trog
Wu Jian
Xom
Zin
The Shining One
Jiyva
Lugonu

Shops:
D:11 :   D:12 [   D:14 =   Orc:2 ![((   Snake:3 !   Snake:4 :   Vaults:2 :

Portals:
Hell: Lair:5
Abyss: Orc:1
Trove: D:11 (give 4 scrolls of blinking)

Annotations:
Lair:4 3 runed translucent doors, Vetiehig's ghost, journeyman DsCj
Lair:5 2 transporters, Eli's ghost, journeyman FoEE
Snake:1 Roxanne
Vaults:3 1 runed translucent door, Yhagabbo's ghost, adept DrCj


Innate Abilities, Weirdness & Mutations

You have very sharp teeth.
Your uncanny sense of smell can sniff out nearby items.
Your experience applies equally to all skills.


Message History

The Council accepts your kill.
Your +4 rapier of Ixiory {spect, Str+3 Dex+3} disappears.
You block the merfolk's attack. You block the skyshark's attack.
The skyshark completely misses you. x2; The merfolk completely misses you.
You regained 2 hp, and now have 15/168 hp.
You spin and attack the skyshark repeatedly.
You puncture the skyshark!
You kill the skyshark!
The Council accepts your kill.
The wind drake exhales a fierce blast of wind!
You are knocked back by the gust of wind.
The merfolk is knocked back by the gust of wind.
You regained 4 hp, and now have 19/168 hp.
You feel yourself speed up.
You regained 3 hp, and now have 22/168 hp.
You regained 3 hp, and now have 25/168 hp.
You hear an angry hiss.
You regained 2 hp, and now have 27/168 hp.
You see here a +0 rapier.
You regained 3 hp, and now have 30/168 hp.
Found a frozen archway.
You hear an angry hiss.
You regained 2 hp, and now have 32/168 hp.
You hear an angry hiss.
You regained 2 hp, and now have 34/168 hp.
You regained 3 hp, and now have 37/168 hp.
You regained 3 hp, and now have 40/168 hp.
You hear a bleat!
You now have 3408 gold pieces (gained 25).
You regained 4 hp, and now have 44/168 hp.
You now have 3421 gold pieces (gained 13).
You regained 5 hp, and now have 49/168 hp.
Found a ring mail.
Found an escape hatch in the floor.
You hear the faint crackling of a melting archway very nearby.
You regained 2 hp, and now have 51/168 hp.
You regained 3 hp, and now have 54/168 hp.
You regained 2 hp, and now have 56/168 hp.
You hear a shout!
You regained 3 hp, and now have 59/168 hp.
You regained 2 hp, and now have 61/168 hp.
You regained 3 hp, and now have 64/168 hp.
You regained 2 hp, and now have 66/168 hp.
You regained 2 hp, and now have 68/168 hp.
You regained 3 hp, and now have 71/168 hp.
You regained 2 hp, and now have 73/168 hp.
There is a frozen archway here.
You regained 2 hp, and now have 75/168 hp.
The world spins around you as you enter the gateway.
You enter an ice cave!
There is an ice choked empty arch of ancient stone here.
You regained 4 hp, and now have 79/168 hp.
You hear a horrible gurgling sound!
You regained 3 hp, and now have 82/168 hp.
An alligator simulacrum and a freezing wraith come into view.
The alligator simulacrum moves out of view.
The freezing wraith moves out of view.
You regained 2 hp, and now have 84/168 hp.
You spin and attack the harpy simulacrum repeatedly.
You puncture the harpy simulacrum! x2
The Council accepts your kill.
You regained 2 hp, and now have 86/168 hp.
You regained 3 hp, and now have 89/168 hp.
An anaconda simulacrum comes into view.
You spin and attack the lindwurm simulacrum repeatedly.
You impale the lindwurm simulacrum!! You bite the lindwurm simulacrum.
The Council accepts your kill.
You hear a horrible gurgling sound!
The anaconda simulacrum moves out of view.
You regained 3 hp, and now have 92/168 hp.
You lunge at the golden dragon simulacrum, in a flurry of attacks.
You puncture the golden dragon simulacrum! x2
You bite the golden dragon simulacrum, but do no damage.
You spin and attack the seven-headed hydra simulacrum repeatedly.
You puncture the seven-headed hydra simulacrum! x2
You spin and attack the golden dragon simulacrum repeatedly.
You puncture the golden dragon simulacrum!
You hit the golden dragon simulacrum.
You bite the golden dragon simulacrum, but do no damage.
Your +4 rapier of Ixiory {spect, Str+3 Dex+3} hits the golden dragon simulacrum!
Your +4 rapier of Ixiory {spect, Str+3 Dex+3} hits the golden dragon simulacrum!!
Your +4 rapier of Ixiory {spect, Str+3 Dex+3} hits the seven-headed hydra simulacrum!
The Council accepts your kill.
Your +4 rapier of Ixiory {spect, Str+3 Dex+3} hits the golden dragon simulacrum but does no damage.
Your +4 rapier of Ixiory {spect, Str+3 Dex+3} completely misses the golden dragon simulacrum.
You block the golden dragon simulacrum's attack.
The golden dragon simulacrum claws you.
The golden dragon simulacrum freezes you!!!
* * * LOW HITPOINT WARNING * * *
You block the golden dragon simulacrum's attack.
The dire elephant simulacrum misses your +4 rapier of Ixiory {spect, Str+3 Dex+3}.
The dire elephant simulacrum trunk-slaps your +4 rapier of Ixiory {spect, Str+3 Dex+3}.
Your spectral weapon shares its damage with you!
The dire elephant simulacrum freezes your +4 rapier of Ixiory {spect, Str+3 Dex+3}!
Your +4 rapier of Ixiory {spect, Str+3 Dex+3} resists.
Your spectral weapon shares its damage with you!
* * * LOW HITPOINT WARNING * * *
The golden dragon simulacrum bites you!
* * * LOW HITPOINT WARNING * * *
The golden dragon simulacrum freezes you!!!
You die...

#.......#
#...∩...#
#.☼☼§§§.#
#.§☼§§§.#
#.§○☼○☼§#
##☼○○○°##
##☼○°##
##°##
#Z@○#


#Z(ZZZ# #.§Z§☼§§# #.......# #(.....$# #).....W# #$$...?$# ####Z#### You could
see an alligator simulacrum, a dire elephant simulacrum, a lindwurm simulacrum,
3 golden dragon simulacra and a friendly +4 rapier of Ixiory {spect, Str+3
Dex+3}.

Vanquished Creatures
  Saint Roka (Vaults:2)
  Nikola (Vaults:2)
  Rupert (Snake:1)
  A quicksilver dragon (Snake:4)
  3 sphinxes
  Aizul (Snake:1)
  Kirke (Snake:4)
  A shadow dragon (Vaults:4)
  3 nagarajas (Snake:4)
  A frost giant (D:15)
  3 orc warlords
  8 vault wardens
  A ghoul (Vaults:2)
  A curse skull (Vaults:2)
  2 formless jellyfish
  6 war gargoyles
  16 ironbound preservers
  5 ironbound thunderhulks
  14 dire elephants
  An ettin (Vaults:2)
  Josephine (Snake:1)
  3 merfolk impalers (Shoals:1)
  4 yaktaur captains
  2 entropy weavers
  3 great orbs of eyes
  5 salamander tyrants
  13 hydras
  11 ironbound frosthearts
  14 centaur warriors
  12 anacondas
  2 catoblepae
  8 vault guards
  7 boulder beetles
  A merfolk avatar (Shoals:1)
  2 peacekeepers
  6 ogre magi
  4 death knights
  24 two-headed ogres
  13 naga warriors
  6 tengu warriors
  6 death yaks (Lair:4)
  Urug (Lair:2)
  2 occultists
  10 shock serpents
  Sonja (Orc:1)
  A sun demon (Lair:5)
  19 naga sharpshooters
  2 skysharks
  A salamander mystic (Snake:3)
  13 skeletal warriors
  Nergalle (D:11)
  29 deep trolls
  A sea snake (Snake:2)
  8 arcanists
  3 naga ritualists
  6 lindwurms
  2 deep elf pyromancers
  7 orc knights
  A phantasmal warrior (Vaults:2)
  A necromancer (Vaults:3)
  10 ironbound convokers
  26 ugly things
  2 harpies (Shoals:1)
  5 manticores
  5 mana vipers
  3 orc sorcerers
  An oklob plant (Lair:3)
  5 cyclopes
  5 guardian serpents
  8 salamanders
  A merfolk siren (Shoals:1)
  32 black mambas
  A torpor snail (Lair:4)
  A guardian serpent (shapeshifter) (Vaults:1)
  17 vault sentinels
  Joseph (Lair:1)
  8 elephants
  A smoke demon (Lair:5)
  3 orange demons (Lair:5)
  8 naga magi
  A gargoyle (D:13)
  4 freezing wraiths
  12 yaktaurs
  12 cane toads
  2 efreet
  2 kobold demonologists (D:12)
  Maggie (D:6)
  3 tengu conjurers
  4 rime drakes
  10 komodo dragons
  An ice devil (Lair:5)
  7 trolls
  2 merfolk
  3 polar bears
  2 red devils (Lair:5)
  A wind drake (Shoals:1)
  Prince Ribbit (D:7)
  A meliai (shapeshifter) (D:12)
  A blink frog (shapeshifter) (D:14)
  A hornet (D:13)
  5 blink frogs (Lair:5)
  3 dream sheep
  2 snapping turtles (Shoals:1)
  19 slime creatures
  A vampire (D:12)
  Sigmund (D:2)
  3 water elementals (Shoals:1)
  6 wraiths
  4 hogs (Snake:4)
  5 wyverns
  6 humans
  31 yaks
  3 basilisks
  2 redbacks (Vaults:1)
  A golden eye (shapeshifter) (D:15)
  3 steam dragons
  7 vampire mosquitoes
  A harpy simulacrum (IceCv)
  6 wargs
  41 nagas
  4 hell hounds (Lair:5)
  A hydra simulacrum (IceCv)
  3 acid dragons
  Duvessa (D:4)
  14 water moccasins
  A swamp drake (shapeshifter) (D:13)
  3 black bears
  29 orc warriors
  34 ogres
  A wolf (shapeshifter) (D:13)
  16 wolves
  6 centaurs
  5 kobold brigands
  8 bullfrogs
  3 scorpions (D:5)
  Dowan (D:4)
  A lindwurm simulacrum (IceCv)
  24 killer bees
  8 electric eels
  12 howler monkeys
  9 orc priests
  2 jellies
  3 hounds
  3 iguanas
  A sleepcap (D:4)
  Terence (D:2)
  24 orc wizards
  4 hell rats (Lair:5)
  16 gnolls
  3 adders
  2 white imps
  4 ufetubi (D:5)
  2 worms
  2 dart slugs
  63 orcs
  2 endoplasms
  5 giant cockroaches
  29 goblins
  23 hobgoblins
  4 jackals (D:1)
  14 kobolds
  3 quokkas
  7 ball pythons
  7 bats
  4 frilled lizards
  2 rats (D:3)
  A spectral weapon (Vaults:1)
1106 creatures vanquished.

Vanquished Creatures (collateral kills)
  A revenant (Vaults:2)
  2 vault wardens (Vaults:2)
  2 war gargoyles (Vaults:2)
  A yaktaur captain (Vaults:2)
  2 ironbound frosthearts
  A deep troll (Vaults:1)
  A glowing orange brain (Vaults:3)
  2 salamanders (Snake:2)
  A guardian serpent (Snake:4)
  An elephant (Lair:5)
  A wraith (Snake:1)
  A yak (D:9)
  A human (D:13)
  A hog (Snake:4)
  An orc priest (Orc:1)
  An orc wizard (Vaults:2)
  An iguana (D:9)
  A gnoll (D:11)
  5 orcs
  3 kobolds (D:8)
30 creatures vanquished.

Vanquished Creatures (others)
  A vault warden (Vaults:3)
  A harpy (Shoals:1)
  2 dancing weapons (Orc:2)
  A naga (Snake:2)
  An orc wizard (Orc:1)
  3 orcs
  A lurking horror (Orc:1)
  98 spectral weapons
108 creatures vanquished.

Grand Total: 1244 creatures vanquished

Notes
Turn   | Place    | Note
-------+----------+-------------------------------------------
     0 | D:1      | Reached skill level 10 in Fighting
     0 | D:1      | sokol815 the Gnoll Wanderer began the quest for the Orb.
     0 | D:1      | sokol815 set off with the following items: a +3 short
                  | sword, a +0 falchion, a +0 robe, a potion of heal wounds
                  | {@q2}.
     0 | D:1      | Reached XP level 1. HP: 29/29 MP: 1/1
    70 | D:1      | Reached XP level 2. HP: 33/36 MP: 2/2
   693 | D:1      | Reached XP level 3. HP: 42/42 MP: 3/3
  1223 | D:2      | Noticed Terence
  1280 | D:2      | Noticed Sigmund
  1528 | D:2      | Killed Terence
  1529 | D:2      | Reached skill level 1 in Axes
  1529 | D:2      | Reached skill level 1 in Maces & Flails
  1529 | D:2      | Reached skill level 1 in Polearms
  1529 | D:2      | Reached skill level 1 in Staves
  1529 | D:2      | Reached skill level 1 in Ranged Weapons
  1529 | D:2      | Reached skill level 1 in Throwing
  1529 | D:2      | Reached skill level 1 in Armour
  1529 | D:2      | Reached skill level 1 in Dodging
  1529 | D:2      | Reached skill level 1 in Stealth
  1529 | D:2      | Reached skill level 1 in Shields
  1529 | D:2      | Reached skill level 1 in Unarmed Combat
  1529 | D:2      | Reached skill level 1 in Spellcasting
  1529 | D:2      | Reached skill level 1 in Invocations
  1709 | D:2      | Found an ornate altar of the Wu Jian Council.
  1717 | D:2      | Became a worshipper of the Wu Jian Council
  1767 | D:2      | Reached XP level 4. HP: 48/48 MP: 5/5
  2050 | D:3      | Reached skill level 1 in Shapeshifting
  2297 | D:3      | Identified a scroll of acquirement
  2297 | D:3      | Acquired the +4 rapier of Ixiory {spect, Str+3 Dex+3}
  2455 | D:3      | Reached skill level 1 in Conjurations
  2455 | D:3      | Reached skill level 1 in Hexes
  2455 | D:3      | Reached skill level 1 in Summonings
  2455 | D:3      | Reached skill level 1 in Necromancy
  2455 | D:3      | Reached skill level 1 in Translocations
  2455 | D:3      | Reached skill level 1 in Transmutations
  2455 | D:3      | Reached skill level 1 in Fire Magic
  2455 | D:3      | Reached skill level 1 in Ice Magic
  2455 | D:3      | Reached skill level 1 in Air Magic
  2455 | D:3      | Reached skill level 1 in Earth Magic
  2455 | D:3      | Reached skill level 1 in Poison Magic
  2519 | D:4      | Noticed an ogre
  2524 | D:4      | Killed an ogre
  2525 | D:4      | Reached skill level 3 in Long Blades
  2525 | D:4      | Reached skill level 3 in Evocations
  2525 | D:4      | Reached XP level 5. HP: 52/54 MP: 5/7
  2525 | D:4      | Noticed Duvessa
  2525 | D:4      | Noticed Dowan
  2542 | D:4      | Killed Duvessa
  2542 | D:4      | Reached * piety under Wu Jian
  2543 | D:4      | Reached skill level 2 in Axes
  2543 | D:4      | Reached skill level 2 in Maces & Flails
  2543 | D:4      | Reached skill level 2 in Polearms
  2543 | D:4      | Reached skill level 2 in Staves
  2543 | D:4      | Reached skill level 2 in Ranged Weapons
  2543 | D:4      | Reached skill level 2 in Throwing
  2543 | D:4      | Reached skill level 2 in Armour
  2543 | D:4      | Reached skill level 2 in Dodging
  2543 | D:4      | Reached skill level 2 in Stealth
  2543 | D:4      | Reached skill level 2 in Shields
  2543 | D:4      | Reached skill level 2 in Unarmed Combat
  2543 | D:4      | Reached skill level 2 in Spellcasting
  2543 | D:4      | Reached skill level 2 in Invocations
  2543 | D:4      | Reached XP level 6. HP: 24/61 MP: 6/9
  2551 | D:4      | HP: 11/61 [Dowan/stone arrow (11)]
  2552 | D:4      | HP: 2/61 [Dowan/stone arrow (10)]
  2553 | D:4      | Killed Dowan
  2788 | D:4      | Reached skill level 2 in Shapeshifting
  2963 | D:4      | Reached XP level 7. HP: 61/67 MP: 10/10
  3195 | D:4      | Found a burning altar of Makhleb.
  3197 | D:4      | Noticed a green death
  3201 | D:4      | Noticed a ynoxinul
  3201 | D:4      | Noticed an orange demon
  3354 | D:5      | Entered Level 5 of the Dungeon
  3366 | D:5      | Reached skill level 7 in Short Blades
  3368 | D:5      | Reached skill level 2 in Conjurations
  3368 | D:5      | Reached skill level 2 in Hexes
  3368 | D:5      | Reached skill level 2 in Summonings
  3368 | D:5      | Reached skill level 2 in Necromancy
  3368 | D:5      | Reached skill level 2 in Translocations
  3368 | D:5      | Reached skill level 2 in Transmutations
  3368 | D:5      | Reached skill level 2 in Fire Magic
  3368 | D:5      | Reached skill level 2 in Ice Magic
  3368 | D:5      | Reached skill level 2 in Air Magic
  3368 | D:5      | Reached skill level 2 in Earth Magic
  3368 | D:5      | Reached skill level 2 in Poison Magic
  3558 | D:5      | Found the +2 ratskin cloak {*Rats rPois rN+ Str-1 Int-1
                  | Dex+1}
  3625 | D:5      | Reached skill level 3 in Invocations
  3767 | D:5      | Found an iron altar of Okawaru.
  4079 | D:6      | Found a bloodstained altar of Trog.
  4259 | D:6      | Noticed Maggie
  4272 | D:6      | Killed Maggie
  4273 | D:6      | Reached skill level 4 in Long Blades
  4273 | D:6      | Reached skill level 3 in Axes
  4273 | D:6      | Reached skill level 3 in Maces & Flails
  4273 | D:6      | Reached skill level 3 in Polearms
  4273 | D:6      | Reached skill level 3 in Staves
  4273 | D:6      | Reached skill level 3 in Ranged Weapons
  4273 | D:6      | Reached skill level 3 in Throwing
  4273 | D:6      | Reached skill level 3 in Armour
  4273 | D:6      | Reached skill level 3 in Dodging
  4273 | D:6      | Reached skill level 3 in Stealth
  4273 | D:6      | Reached skill level 3 in Shields
  4273 | D:6      | Reached skill level 3 in Unarmed Combat
  4273 | D:6      | Reached skill level 3 in Spellcasting
  4273 | D:6      | Reached skill level 4 in Evocations
  4273 | D:6      | Reached XP level 8. HP: 58/74 MP: 12/12
  4569 | D:6      | Reached ** piety under Wu Jian
  4570 | D:6      | Reached skill level 3 in Shapeshifting
  4738 | D:6      | Reached skill level 11 in Fighting
  4975 | D:6      | Reached *** piety under Wu Jian
  4993 | D:6      | Identified the +1 trident "Glorpo" {heavy, Int+3}
  5024 | D:6      | Reached skill level 4 in Invocations
  5045 | D:6      | Reached skill level 3 in Conjurations
  5045 | D:6      | Reached skill level 3 in Hexes
  5045 | D:6      | Reached skill level 3 in Summonings
  5045 | D:6      | Reached skill level 3 in Necromancy
  5045 | D:6      | Reached skill level 3 in Translocations
  5045 | D:6      | Reached skill level 3 in Transmutations
  5045 | D:6      | Reached skill level 3 in Fire Magic
  5045 | D:6      | Reached skill level 3 in Ice Magic
  5045 | D:6      | Reached skill level 3 in Air Magic
  5045 | D:6      | Reached skill level 3 in Earth Magic
  5045 | D:6      | Reached skill level 3 in Poison Magic
  5636 | D:6      | Reached XP level 9. HP: 81/81 MP: 14/14
  5711 | D:7      | Found a staircase to the Ecumenical Temple.
  5727 | D:7      | Reached skill level 4 in Axes
  5727 | D:7      | Reached skill level 4 in Maces & Flails
  5727 | D:7      | Reached skill level 4 in Polearms
  5727 | D:7      | Reached skill level 4 in Staves
  5727 | D:7      | Reached skill level 4 in Ranged Weapons
  5727 | D:7      | Reached skill level 4 in Throwing
  5727 | D:7      | Reached skill level 4 in Armour
  5727 | D:7      | Reached skill level 4 in Dodging
  5727 | D:7      | Reached skill level 4 in Stealth
  5727 | D:7      | Reached skill level 4 in Shields
  5727 | D:7      | Reached skill level 4 in Unarmed Combat
  5727 | D:7      | Reached skill level 4 in Spellcasting
  5828 | D:7      | Noticed Prince Ribbit
  5841 | D:7      | Killed Prince Ribbit
  5842 | D:7      | Reached skill level 5 in Long Blades
  5842 | D:7      | Reached skill level 5 in Evocations
  5913 | D:7      | Found an ancient bone altar of Kikubaaqudgha.
  6277 | D:8      | Reached skill level 8 in Short Blades
  6277 | D:8      | Reached skill level 4 in Shapeshifting
  6422 | D:8      | Reached skill level 5 in Invocations
  6598 | D:8      | Found a glowing silver altar of Zin.
  6598 | D:8      | Found a sacrificial altar of Ru.
  6598 | D:8      | Found a shimmering altar of Xom.
  6647 | D:8      | Found a glowing golden altar of the Shining One.
  6694 | D:8      | Reached **** piety under Wu Jian
  6789 | D:8      | Found a stormy altar of Qazlal.
  6833 | D:8      | Found a shimmering blue altar of Sif Muna.
  6957 | D:8      | Reached skill level 4 in Conjurations
  6957 | D:8      | Reached skill level 4 in Hexes
  6957 | D:8      | Reached skill level 4 in Summonings
  6957 | D:8      | Reached skill level 4 in Necromancy
  6957 | D:8      | Reached skill level 4 in Translocations
  6957 | D:8      | Reached skill level 4 in Transmutations
  6957 | D:8      | Reached skill level 4 in Fire Magic
  6957 | D:8      | Reached skill level 4 in Ice Magic
  6957 | D:8      | Reached skill level 4 in Air Magic
  6957 | D:8      | Reached skill level 4 in Earth Magic
  6957 | D:8      | Reached skill level 4 in Poison Magic
  6957 | D:8      | Reached XP level 10. HP: 88/88 MP: 17/17
  6966 | D:8      | Noticed a three-headed hydra
  6973 | D:8      | Killed a three-headed hydra
  6974 | D:8      | Reached skill level 5 in Axes
  6974 | D:8      | Reached skill level 5 in Maces & Flails
  6974 | D:8      | Reached skill level 5 in Polearms
  6974 | D:8      | Reached skill level 5 in Staves
  6974 | D:8      | Reached skill level 5 in Ranged Weapons
  6974 | D:8      | Reached skill level 5 in Throwing
  6974 | D:8      | Reached skill level 5 in Armour
  6974 | D:8      | Reached skill level 5 in Dodging
  6974 | D:8      | Reached skill level 5 in Stealth
  6974 | D:8      | Reached skill level 5 in Shields
  6974 | D:8      | Reached skill level 5 in Unarmed Combat
  6974 | D:8      | Reached skill level 5 in Spellcasting
  7273 | D:9      | Reached skill level 6 in Long Blades
  7273 | D:9      | Reached skill level 6 in Evocations
  7584 | D:9      | Reached skill level 6 in Invocations
  7599 | D:9      | Reached skill level 5 in Shapeshifting
  7728 | D:9      | Found the +5 woodcutter's axe
  7886 | D:9      | Found a staircase to the Lair.
  8192 | D:9      | HP: 22/89 [yak (3)]
  8408 | D:8      | Reached XP level 11. HP: 75/95 MP: 19/19
  8511 | D:9      | Found a staircase to the Orcish Mines.
  8523 | D:9      | Reached skill level 12 in Fighting
  8523 | D:9      | Reached skill level 9 in Short Blades
  8523 | D:9      | Reached skill level 6 in Axes
  8523 | D:9      | Reached skill level 6 in Maces & Flails
  8523 | D:9      | Reached skill level 6 in Polearms
  8523 | D:9      | Reached skill level 6 in Staves
  8523 | D:9      | Reached skill level 6 in Ranged Weapons
  8523 | D:9      | Reached skill level 6 in Throwing
  8523 | D:9      | Reached skill level 6 in Armour
  8523 | D:9      | Reached skill level 6 in Dodging
  8523 | D:9      | Reached skill level 6 in Stealth
  8523 | D:9      | Reached skill level 6 in Shields
  8523 | D:9      | Reached skill level 6 in Unarmed Combat
  8523 | D:9      | Reached skill level 6 in Spellcasting
  8530 | D:9      | Reached skill level 5 in Conjurations
  8530 | D:9      | Reached skill level 5 in Hexes
  8530 | D:9      | Reached skill level 5 in Summonings
  8530 | D:9      | Reached skill level 5 in Necromancy
  8530 | D:9      | Reached skill level 5 in Translocations
  8530 | D:9      | Reached skill level 5 in Transmutations
  8530 | D:9      | Reached skill level 5 in Fire Magic
  8530 | D:9      | Reached skill level 5 in Ice Magic
  8530 | D:9      | Reached skill level 5 in Air Magic
  8530 | D:9      | Reached skill level 5 in Earth Magic
  8530 | D:9      | Reached skill level 5 in Poison Magic
  8842 | D:10     | Entered Level 10 of the Dungeon
  9668 | Lair:1   | Identified the "Quinle"
  9668 | Lair:1   | Entered Level 1 of the Lair of Beasts
  9670 | Lair:1   | Reached skill level 7 in Invocations
  9707 | Lair:1   | Reached skill level 7 in Long Blades
  9707 | Lair:1   | Reached skill level 7 in Evocations
 10075 | Lair:1   | Noticed Joseph
 10079 | Lair:1   | Killed Joseph
 10080 | Lair:1   | Reached skill level 6 in Shapeshifting
 10236 | Lair:1   | Noticed a catoblepas
 10265 | Lair:1   | Killed a catoblepas
 10508 | Lair:2   | Identified the "Zavviq"
 10901 | Lair:2   | Found a staircase to the Snake Pit.
 11009 | Lair:2   | Noticed Urug
 11023 | Lair:2   | Killed Urug
 11143 | Lair:2   | Noticed a boulder beetle
 11148 | Lair:2   | Killed a boulder beetle
 11219 | Lair:2   | Reached skill level 7 in Axes
 11219 | Lair:2   | Reached skill level 7 in Maces & Flails
 11219 | Lair:2   | Reached skill level 7 in Polearms
 11219 | Lair:2   | Reached skill level 7 in Staves
 11219 | Lair:2   | Reached skill level 7 in Ranged Weapons
 11219 | Lair:2   | Reached skill level 7 in Throwing
 11219 | Lair:2   | Reached skill level 7 in Armour
 11219 | Lair:2   | Reached skill level 7 in Dodging
 11219 | Lair:2   | Reached skill level 7 in Stealth
 11219 | Lair:2   | Reached skill level 7 in Shields
 11219 | Lair:2   | Reached skill level 7 in Unarmed Combat
 11219 | Lair:2   | Reached skill level 7 in Spellcasting
 11219 | Lair:2   | Reached XP level 12. HP: 103/103 MP: 22/22
 11506 | Lair:3   | Noticed a boulder beetle
 11530 | Lair:2   | Reached ***** piety under Wu Jian
 11754 | Lair:2   | Killed a boulder beetle
 11755 | Lair:2   | Reached skill level 6 in Conjurations
 11755 | Lair:2   | Reached skill level 6 in Hexes
 11755 | Lair:2   | Reached skill level 6 in Summonings
 11755 | Lair:2   | Reached skill level 6 in Necromancy
 11755 | Lair:2   | Reached skill level 6 in Translocations
 11755 | Lair:2   | Reached skill level 6 in Transmutations
 11755 | Lair:2   | Reached skill level 6 in Fire Magic
 11755 | Lair:2   | Reached skill level 6 in Ice Magic
 11755 | Lair:2   | Reached skill level 6 in Air Magic
 11755 | Lair:2   | Reached skill level 6 in Earth Magic
 11755 | Lair:2   | Reached skill level 6 in Poison Magic
 11820 | Lair:2   | Reached skill level 8 in Invocations
 12112 | Lair:3   | Reached skill level 10 in Short Blades
 12146 | Lair:3   | Found an opulent altar of Gozag.
 12289 | Lair:3   | Reached skill level 8 in Long Blades
 12289 | Lair:3   | Reached skill level 8 in Evocations
 12496 | Lair:3   | Found a staircase to the Shoals.
 12573 | Lair:3   | Reached skill level 7 in Shapeshifting
 13230 | Lair:4   | Noticed a seven-headed hydra
 13239 | Lair:4   | Killed a seven-headed hydra
 13240 | Lair:4   | Reached skill level 13 in Fighting
 13250 | Lair:4   | Reached skill level 8 in Axes
 13250 | Lair:4   | Reached skill level 8 in Maces & Flails
 13250 | Lair:4   | Reached skill level 8 in Polearms
 13250 | Lair:4   | Reached skill level 8 in Staves
 13250 | Lair:4   | Reached skill level 8 in Ranged Weapons
 13250 | Lair:4   | Reached skill level 8 in Throwing
 13250 | Lair:4   | Reached skill level 8 in Armour
 13250 | Lair:4   | Reached skill level 8 in Dodging
 13250 | Lair:4   | Reached skill level 8 in Stealth
 13250 | Lair:4   | Reached skill level 8 in Shields
 13250 | Lair:4   | Reached skill level 8 in Unarmed Combat
 13250 | Lair:4   | Reached skill level 8 in Spellcasting
 13250 | Lair:4   | Reached XP level 13. HP: 83/111 MP: 23/25
 13377 | Lair:4   | Found a staircase to the Slime Pits.
 13377 | Lair:4   | Found a viscous altar of Jiyva.
 13721 | Lair:4   | Noticed Vetiehig's ghost (journeyman DsCj)
 13733 | Lair:4   | Reached skill level 9 in Invocations
 13904 | Lair:4   | HP: 19/111 [death yak (15)]
 13909 | Lair:4   | HP: 27/111 [death yak (19)]
 13914 | Lair:4   | HP: 20/111 [death yak (3)]
 13924 | Lair:4   | HP: 12/111 [death yak (11)]
 13927 | Lair:4   | HP: 3/111 [death yak (10)]
 13957 | Lair:4   | Reached skill level 7 in Conjurations
 13957 | Lair:4   | Reached skill level 7 in Hexes
 13957 | Lair:4   | Reached skill level 7 in Summonings
 13957 | Lair:4   | Reached skill level 7 in Necromancy
 13957 | Lair:4   | Reached skill level 7 in Translocations
 13957 | Lair:4   | Reached skill level 7 in Transmutations
 13957 | Lair:4   | Reached skill level 7 in Fire Magic
 13957 | Lair:4   | Reached skill level 7 in Ice Magic
 13957 | Lair:4   | Reached skill level 7 in Air Magic
 13957 | Lair:4   | Reached skill level 7 in Earth Magic
 13957 | Lair:4   | Reached skill level 7 in Poison Magic
 13963 | Lair:4   | HP: 27/111 [death yak (8)]
 13968 | Lair:4   | HP: 13/111 [death yak (16)]
 13969 | Lair:4   | HP: 5/111 [death yak (8)]
 14193 | Lair:4   | Found a runed translucent gate.
 14196 | Lair:4   | Found a runed translucent gate.
 14197 | Lair:4   | Found a runed translucent gate.
 14439 | Lair:5   | Entered Level 5 of the Lair of Beasts
 14517 | Lair:5   | Reached skill level 9 in Long Blades
 14517 | Lair:5   | Reached skill level 9 in Evocations
 14578 | Lair:5   | Found a transporter.
 14787 | Lair:5   | Reached skill level 8 in Shapeshifting
 14800 | Lair:4   | Reached skill level 11 in Short Blades
 15134 | Lair:5   | Found a transporter.
 15139 | Lair:5   | Noticed Eli's ghost (journeyman FoEE)
 15333 | Lair:5   | Reached skill level 9 in Axes
 15333 | Lair:5   | Reached skill level 9 in Maces & Flails
 15333 | Lair:5   | Reached skill level 9 in Polearms
 15333 | Lair:5   | Reached skill level 9 in Staves
 15333 | Lair:5   | Reached skill level 9 in Ranged Weapons
 15333 | Lair:5   | Reached skill level 9 in Throwing
 15333 | Lair:5   | Reached skill level 9 in Armour
 15333 | Lair:5   | Reached skill level 9 in Dodging
 15333 | Lair:5   | Reached skill level 9 in Stealth
 15333 | Lair:5   | Reached skill level 9 in Shields
 15333 | Lair:5   | Reached skill level 9 in Unarmed Combat
 15333 | Lair:5   | Reached skill level 9 in Spellcasting
 15333 | Lair:5   | Reached XP level 14. HP: 118/118 MP: 25/27
 15450 | Lair:5   | Found a burning altar of Makhleb.
 15532 | Lair:5   | Reached skill level 10 in Invocations
 16092 | Lair:5   | Found a gateway to Hell.
 16092 | Lair:5   | Found the +3 pair of seven-league boots {Rampage+∞}
 16509 | D:11     | Found Teklyedgh's Book Shoppe.
 16669 | D:11     | Found a portal to a secret trove of treasure.
 16821 | D:11     | Reached ****** piety under Wu Jian
 16864 | D:11     | Found a shimmering altar of Xom.
 16920 | D:11     | Noticed Nergalle
 16925 | D:11     | Killed Nergalle
 17709 | D:12     | Found Ozid's Armour Shoppe.
 17725 | D:12     | Identified the +2 whip of Doom {heavy, rPois rN+ SInv}
 17747 | D:12     | Reached skill level 8 in Conjurations
 17747 | D:12     | Reached skill level 8 in Hexes
 17747 | D:12     | Reached skill level 8 in Summonings
 17747 | D:12     | Reached skill level 8 in Necromancy
 17747 | D:12     | Reached skill level 8 in Translocations
 17747 | D:12     | Reached skill level 8 in Transmutations
 17747 | D:12     | Reached skill level 8 in Fire Magic
 17747 | D:12     | Reached skill level 8 in Ice Magic
 17747 | D:12     | Reached skill level 8 in Air Magic
 17747 | D:12     | Reached skill level 8 in Earth Magic
 17747 | D:12     | Reached skill level 8 in Poison Magic
 17787 | D:12     | Reached skill level 10 in Long Blades
 17787 | D:12     | Reached skill level 10 in Evocations
 18037 | D:12     | Reached skill level 14 in Fighting
 18627 | D:12     | Found an ornate altar of the Wu Jian Council.
 18704 | D:13     | HP: 26/120 [skeletal warrior/+0 mace (7)]
 18708 | D:13     | Reached skill level 9 in Shapeshifting
 18712 | D:13     | HP: 21/120 [skeletal warrior/+0 glaive (7)]
 18713 | D:13     | HP: 8/120 [skeletal warrior/+0 glaive (13)]
 18722 | D:12     | HP: 17/120 [skeletal warrior/+0 mace (12)]
 19217 | D:13     | Reached XP level 15. HP: 112/126 MP: 28/28
 19344 | D:13     | Reached skill level 10 in Axes
 19344 | D:13     | Reached skill level 10 in Maces & Flails
 19344 | D:13     | Reached skill level 10 in Polearms
 19344 | D:13     | Reached skill level 10 in Staves
 19344 | D:13     | Reached skill level 10 in Ranged Weapons
 19344 | D:13     | Reached skill level 10 in Throwing
 19344 | D:13     | Reached skill level 10 in Armour
 19344 | D:13     | Reached skill level 10 in Dodging
 19344 | D:13     | Reached skill level 10 in Stealth
 19344 | D:13     | Reached skill level 10 in Shields
 19344 | D:13     | Reached skill level 10 in Unarmed Combat
 19344 | D:13     | Reached skill level 10 in Spellcasting
 19367 | D:13     | HP: 30/126 [freezing wraith[a death knight] (12)]
 19371 | D:13     | HP: 13/126 [skeletal warrior/+0 glaive[a death knight] (5)]
 19692 | D:12     | Learned a level 3 spell: Tukima's Dance
 19695 | D:12     | Learned a level 2 spell: Poisonous Vapours
 19853 | D:12     | Reached skill level 11 in Invocations
 19864 | D:12     | Reached skill level 12 in Short Blades
 20200 | D:13     | Found a gate to the Vaults.
 20477 | D:13     | HP: 31/126 [??? (22)]
 21325 | Orc:1    | Entered Level 1 of the Orcish Mines
 21350 | Orc:1    | Paralysed by an orc sorcerer for 2 turns
 21628 | Orc:1    | Noticed Sonja
 21644 | Orc:1    | Killed Sonja
 21839 | Orc:1    | Found a one-way gate to the infinite horrors of the Abyss.
 21840 | Orc:1    | Found a corrupted altar of Lugonu.
 22292 | Orc:2    | Entered Level 2 of the Orcish Mines
 22387 | Orc:2    | Noticed an orc warlord
 22406 | Orc:2    | Killed an orc warlord
 22411 | Orc:2    | HP: 30/127 [orc warrior/+0 trident (3)]
 22431 | Orc:2    | Found a staircase to the Elven Halls.
 23154 | Orc:2    | Reached skill level 11 in Long Blades
 23154 | Orc:2    | Reached skill level 11 in Evocations
 23155 | Orc:2    | HP: 16/127 [ogre/+0 giant club (18)]
 23171 | Orc:2    | Paralysed by an ogre mage for 2 turns
 23178 | Orc:2    | Reached skill level 9 in Conjurations
 23178 | Orc:2    | Reached skill level 9 in Hexes
 23178 | Orc:2    | Reached skill level 9 in Summonings
 23178 | Orc:2    | Reached skill level 9 in Necromancy
 23178 | Orc:2    | Reached skill level 9 in Translocations
 23178 | Orc:2    | Reached skill level 9 in Transmutations
 23178 | Orc:2    | Reached skill level 9 in Fire Magic
 23178 | Orc:2    | Reached skill level 9 in Ice Magic
 23178 | Orc:2    | Reached skill level 9 in Air Magic
 23178 | Orc:2    | Reached skill level 9 in Earth Magic
 23178 | Orc:2    | Reached skill level 9 in Poison Magic
 23684 | Orc:2    | Reached XP level 16. HP: 119/134 MP: 17/30
 23889 | Orc:2    | Found Wuicieq's Antique Weapon Shop.
 23889 | Orc:2    | Found Idued's Armour Emporium.
 23890 | Orc:2    | Found Moim's Antique Weapon Emporium.
 23890 | Orc:2    | Found Lohim's Distillery.
 24245 | D:14     | Found Gycait's Jewellery Emporium.
 24288 | D:14     | Reached skill level 10 in Shapeshifting
 24905 | D:15     | Entered Level 15 of the Dungeon
 24971 | D:15     | Reached skill level 11 in Axes
 24971 | D:15     | Reached skill level 11 in Maces & Flails
 24971 | D:15     | Reached skill level 11 in Polearms
 24971 | D:15     | Reached skill level 11 in Staves
 24971 | D:15     | Reached skill level 11 in Ranged Weapons
 24971 | D:15     | Reached skill level 11 in Throwing
 24971 | D:15     | Reached skill level 11 in Armour
 24971 | D:15     | Reached skill level 11 in Dodging
 24971 | D:15     | Reached skill level 11 in Stealth
 24971 | D:15     | Reached skill level 11 in Shields
 24971 | D:15     | Reached skill level 11 in Unarmed Combat
 24971 | D:15     | Reached skill level 11 in Spellcasting
 25152 | D:15     | Reached skill level 12 in Invocations
 25458 | D:15     | Found an iron altar of Okawaru.
 25729 | D:15     | Found a staircase to the Depths.
 25898 | D:15     | Reached skill level 15 in Fighting
 26650 | Snake:1  | Entered Level 1 of the Snake Pit
 26655 | Snake:1  | Identified the serpent talisman of Bimui {Slay+3}
 26655 | Snake:1  | Noticed Aizul
 26681 | Snake:1  | HP: 33/136 [poisoned by Aizul (bolt of poison)]
 26686 | Snake:1  | HP: 29/136 [poisoned by Aizul (bolt of poison)]
 26687 | Snake:1  | HP: 2/136 [Aizul (13)]
 26691 | Snake:1  | Killed Aizul
 27042 | Snake:1  | Identified the +8 chain mail "Gofuv" {Drain +Blink rPois
                  | Int+6 Dex-5}
 27060 | Snake:1  | Noticed Josephine
 27069 | Snake:1  | Killed Josephine
 27091 | Snake:1  | Reached skill level 13 in Short Blades
 27424 | Snake:1  | Noticed Rupert
 27431 | Snake:1  | Killed Rupert
 27645 | Snake:1  | Noticed Roxanne
 28948 | Snake:2  | Reached XP level 17. HP: 138/142 MP: 32/32
 29879 | Snake:2  | Reached skill level 12 in Long Blades
 29879 | Snake:2  | Reached skill level 12 in Evocations
 29904 | Snake:2  | HP: 32/142 [salamander/+0 halberd (4)]
 29909 | Snake:2  | HP: 29/142 [poisoned by a guardian serpent (bolt of
                  | poison)]
 30262 | Snake:2  | Learned a level 4 spell: Summon Lightning Spire
 30317 | Snake:2  | Identified the +0 pair of gloves of Broken Taboos {rElec
                  | rF+ Int+4 Slay+2}
 31072 | Snake:2  | Reached skill level 10 in Conjurations
 31072 | Snake:2  | Reached skill level 10 in Hexes
 31072 | Snake:2  | Reached skill level 10 in Summonings
 31072 | Snake:2  | Reached skill level 10 in Necromancy
 31072 | Snake:2  | Reached skill level 10 in Translocations
 31072 | Snake:2  | Reached skill level 10 in Transmutations
 31072 | Snake:2  | Reached skill level 10 in Fire Magic
 31072 | Snake:2  | Reached skill level 10 in Ice Magic
 31072 | Snake:2  | Reached skill level 10 in Air Magic
 31072 | Snake:2  | Reached skill level 10 in Earth Magic
 31072 | Snake:2  | Reached skill level 10 in Poison Magic
 31866 | Snake:3  | Found Nerr's Distillery.
 31900 | Snake:3  | Reached skill level 11 in Shapeshifting
 32033 | Snake:3  | Bought 2 potions of curing for 90 gold pieces
 32033 | Snake:3  | Bought a potion of curing for 45 gold pieces
 32033 | Snake:3  | Bought a potion of curing for 45 gold pieces
 32033 | Snake:3  | Bought a potion of heal wounds for 75 gold pieces
 32033 | Snake:3  | Bought a potion of heal wounds for 75 gold pieces
 32282 | Snake:3  | Reached skill level 13 in Invocations
 32410 | Snake:3  | Reached skill level 12 in Axes
 32410 | Snake:3  | Reached skill level 12 in Maces & Flails
 32410 | Snake:3  | Reached skill level 12 in Polearms
 32410 | Snake:3  | Reached skill level 12 in Staves
 32410 | Snake:3  | Reached skill level 12 in Ranged Weapons
 32410 | Snake:3  | Reached skill level 12 in Throwing
 32410 | Snake:3  | Reached skill level 12 in Armour
 32410 | Snake:3  | Reached skill level 12 in Dodging
 32410 | Snake:3  | Reached skill level 12 in Stealth
 32410 | Snake:3  | Reached skill level 12 in Shields
 32410 | Snake:3  | Reached skill level 12 in Unarmed Combat
 32410 | Snake:3  | Reached skill level 12 in Spellcasting
 32918 | Snake:4  | Entered Level 4 of the Snake Pit
 32925 | Snake:4  | Found Fesipeug's Tiny Tomes.
 33255 | Snake:4  | Found the +1 robe of Vines {NoPotionHeal Regen++++}
 33368 | Snake:4  | Noticed Kirke
 33393 | Snake:4  | Killed Kirke
 33522 | Snake:4  | Reached XP level 18. HP: 122/151 MP: 34/34
 33655 | Snake:4  | Got a serpentine rune of Zot
 33719 | Snake:4  | Noticed a quicksilver dragon
 33753 | Snake:4  | Killed a quicksilver dragon
 34233 | Vaults:1 | Entered Level 1 of the Vaults
 34276 | Vaults:1 | Reached skill level 14 in Short Blades
 34348 | Vaults:1 | Identified the +0 ring mail of Xitan {rN+++ Str-2}
 34535 | Vaults:1 | Reached skill level 16 in Fighting
 34704 | Vaults:1 | HP: 21/151 [vault warden/+3 great mace of protection (23)]
 34708 | Vaults:1 | HP: 1/151 [vault warden/+3 great mace of protection (14)]
 34901 | Vaults:1 | Reached skill level 13 in Long Blades
 34901 | Vaults:1 | Reached skill level 13 in Evocations
 34901 | Vaults:1 | Identified the ring "Joircho" {rN+ rCorr Stlth+}
 34942 | Vaults:1 | Identified the ring of the Ancients {Will+ Str+6 Int+2
                  | Stlth-}
 35581 | Vaults:2 | Reached skill level 14 in Invocations
 35655 | Vaults:2 | Reached skill level 11 in Conjurations
 35655 | Vaults:2 | Reached skill level 11 in Hexes
 35655 | Vaults:2 | Reached skill level 11 in Summonings
 35655 | Vaults:2 | Reached skill level 11 in Necromancy
 35655 | Vaults:2 | Reached skill level 11 in Translocations
 35655 | Vaults:2 | Reached skill level 11 in Transmutations
 35655 | Vaults:2 | Reached skill level 11 in Fire Magic
 35655 | Vaults:2 | Reached skill level 11 in Ice Magic
 35655 | Vaults:2 | Reached skill level 11 in Air Magic
 35655 | Vaults:2 | Reached skill level 11 in Earth Magic
 35655 | Vaults:2 | Reached skill level 11 in Poison Magic
 35739 | Vaults:2 | Reached skill level 13 in Axes
 35739 | Vaults:2 | Reached skill level 13 in Maces & Flails
 35739 | Vaults:2 | Reached skill level 13 in Polearms
 35739 | Vaults:2 | Reached skill level 13 in Staves
 35739 | Vaults:2 | Reached skill level 13 in Ranged Weapons
 35739 | Vaults:2 | Reached skill level 13 in Throwing
 35739 | Vaults:2 | Reached skill level 13 in Armour
 35739 | Vaults:2 | Reached skill level 13 in Dodging
 35739 | Vaults:2 | Reached skill level 13 in Stealth
 35739 | Vaults:2 | Reached skill level 13 in Shields
 35739 | Vaults:2 | Reached skill level 13 in Unarmed Combat
 35739 | Vaults:2 | Reached skill level 13 in Spellcasting
 35761 | Vaults:2 | Reached XP level 19. HP: 157/157 MP: 36/36
 35767 | Vaults:2 | Reached skill level 12 in Shapeshifting
 35809 | Vaults:2 | Noticed Saint Roka
 35842 | Vaults:2 | Learned a level 5 spell: Yara's Violent Unravelling
 35867 | Vaults:2 | Killed Saint Roka
 36441 | Vaults:2 | Noticed Nikola
 36508 | Vaults:2 | Killed Nikola
 36625 | Vaults:2 | Found a staircase to the Crypt.
 37012 | Vaults:2 | HP: 38/159 [??? (29)]
 37018 | Vaults:2 | HP: 30/159 [??? (22)]
 37216 | Vaults:2 | Found Mit Tokk's Book Shop.
 37501 | Vaults:3 | Identified the of Unylata (You acquired it on level 3 of
                  | the Vaults)
 37501 | Vaults:3 | Acquired the Codex of Blows
 37509 | Vaults:3 | Learned a level 5 spell: Lee's Rapid Deconstruction
 37940 | Vaults:3 | Found a runed translucent door.
 37940 | Vaults:3 | Found a shimmering altar of Xom.
 37940 | Vaults:3 | Noticed Yhagabbo's ghost (adept DrCj)
 38004 | Vaults:3 | HP: 35/159 [vault guard/+0 battleaxe[a vault warden] (19)]
 38010 | Vaults:3 | HP: 36/159 [vault guard/+0 battleaxe[a vault warden] (1)]
 38528 | Vaults:3 | Identified the +4 scale mail of the Morning Star {Str+2}
 38776 | Vaults:3 | Reached skill level 15 in Short Blades
 38780 | Vaults:3 | HP: 14/159 [ironbound frostheart/creeping frost (31)]
 38981 | Vaults:4 | Reached XP level 20. HP: 146/167 MP: 37/37
 39191 | Vaults:4 | Reached skill level 14 in Long Blades
 39191 | Vaults:4 | Reached skill level 14 in Evocations
 39387 | Vaults:4 | Reached skill level 15 in Invocations
 39597 | Vaults:4 | Reached skill level 17 in Fighting
 39733 | Vaults:4 | Acquired a +4 ring of slaying
 40636 | D:2      | Killed Sigmund
 40972 | Shoals:1 | Entered Level 1 of the Shoals
 40978 | Shoals:1 | Reached skill level 14 in Axes
 40978 | Shoals:1 | Reached skill level 14 in Maces & Flails
 40978 | Shoals:1 | Reached skill level 14 in Polearms
 40978 | Shoals:1 | Reached skill level 14 in Staves
 40978 | Shoals:1 | Reached skill level 14 in Ranged Weapons
 40978 | Shoals:1 | Reached skill level 14 in Throwing
 40978 | Shoals:1 | Reached skill level 14 in Armour
 40978 | Shoals:1 | Reached skill level 14 in Dodging
 40978 | Shoals:1 | Reached skill level 14 in Stealth
 40978 | Shoals:1 | Reached skill level 14 in Shields
 40978 | Shoals:1 | Reached skill level 14 in Unarmed Combat
 40978 | Shoals:1 | Reached skill level 14 in Spellcasting
 40994 | Shoals:1 | HP: 39/168 [merfolk impaler/+1 demon trident of freezing
                  | (5)]
 40999 | Shoals:1 | HP: 34/168 [wind drake (3)]
 41005 | Shoals:1 | HP: 35/168 [wind drake (14)]
 41010 | Shoals:1 | HP: 26/168 [white ugly thing collision (12)]
 41010 | Shoals:1 | HP: 3/168 [water nymph/the raging water (23)]
 41015 | Shoals:1 | HP: 9/168 [wind drake/the air (4)]
 41023 | Shoals:1 | Found a frozen archway.
 41043 | IceCv    | Entered an ice cave
 41049 | IceCv    | HP: 35/168 [dire elephant simulacrum (14)]
 41049 | IceCv    | Annihilated by a golden dragon simulacrum

Illustrated notes

Levels and vault maps discovered:
D:1:      dpeg_arrival_round_c, layout_loops_corners
D:2:      layout_loops_ring, basic_altar, uniq_terence, uniq_sigmund
D:3:      layout_rooms
D:4:      layout_cave_pools, makhleb_altar_promises_db, minivault_5,
          hangedman_abyss_or_decor_stagger, uniq_duvessa
D:5:      layout_rooms, lemuel_coloured_pillars_altar, glass_columns_b
D:6:      minmay_goblin_kobold_castle, layout_basic,
          mainiacjoe_overflow_surrounded_room, uniq_maggie
D:7:      layout_rooms, mainiacjoe_overflow_brackets,
          minmay_temple_entry_junction, minivault_22, uniq_prince_ribbit1
D:8:      layout_loops_ring, mainiacjoe_overflow_alcove_4,
          lemuel_blue_sif_altar, kennysheep_mini,
          gammafunk_temple_overflow_forgotten, hangedman_ranch
D:9:      nicolae_cairo_tiling_large, layout_long_grid, david_lair_shrubbed,
          orc_0_dummy, eino_jars
D:10:     layout_long_grid, kennysheep_small_square
D:11:     layout_irregular_city, enter_trove_3, serial_shops,
          nicolae_diamond_shop, tgw_xom, uniq_nergalle
D:12:     layout_loops_ring, serial_shops, shop, nzn_wu_jian_council_hall
D:13:     minmay_chambers_of_sevens, layout_cave_pools,
          ximxim_vaults_locker_room
D:14:     layout_basic, minmay_misc_feat_square, serial_shops, shop
D:15:     grunt_enter_depths_snipers, layout_long_grid,
          okawaru_ov_weapons_minmay, nicolae_two_hexagons
Lair:1:   layout_small_grid, minmay_holes, uniq_joseph
Lair:2:   layout_gridlike, guppyfry_snake_entry_garden, nzn_sisyphean_effort,
          uniq_urug
Lair:3:   layout_regular_city, elwin_shoals_entry_rooms, lemuel_oklob_altar
Lair:4:   layout_misc_corridors, slime_entry_1, gammafunk_ghost_split,
          serial_bayou_shore_b, serial_bayou_shore_b
Lair:5:   evil_forest, layout_regular_city, gammafunk_ghost_berserking_beasts
Shoals:1: nicolae_shoals_aurelia_aurita, layout_shoals,
          portal_ice_cave_entry_ugly_swarm, nicolae_shoals_pincushion_passage
Snake:1:  layout_chambers, uniq_roxanne, uniq_josephine, uniq_aizul, uniq_rupert
Snake:2:  layout_gridlike, nicolae_snake_bzzzt
Snake:3:  layout_misc_corridors, serial_shops, shop_fountains
Snake:4:  hellmonk_snake_rune_quicksilver_temple, layout_basic,
          nicolae_shop_i_like_small_books_too, st_stairs_8, grunt_megastairs_2,
          uniq_kirke
Orc:1:    layout_caves, nicolae_orc_rockfall, amcnicky_altar_lugonu_corruption,
          uniq_sonja
Orc:2:    st_orc_ogre_mass, layout_caves
Vaults:1: hangedman_vaults_snaps, nicolae_vaults_storing_the_good_stuff,
          grunt_vaults_hallway_short, hangedman_vaults_hat, grunt_vaults_twisty,
          grunt_vaults_bifocal, v_misc_3, v_misc_25, nicolae_vaults_alarming,
          nicolae_vaults_tetromino_Z_1, layout_vaults_maze_snakey
Vaults:2: minmay_crypt_entry_simple_plaza, nicolae_vaults_trapezoid_3,
          v_misc_29, nicolae_vaults_closet_pinwheel_1,
          nicolae_vaults_puzzle_piece,
          nicolae_vaults_variable_pillar_hall_cross, gargoyle_guard,
          nicolae_vaults_border_crossing,
          vaults_standard_mumra_enter_the_diamond, nicolae_vaults_big_ls,
          nicolae_vaults_shelves_hall, grunt_vaults_hallway_long,
          ontoclasm_vaults_decontamination, nicolae_vaults_trapezoid_lopsided_1,
          vaults_room_semicircle, nicolae_vaults_house_1, layout_vaults_ring,
          serial_shops, shop, uniq_nikola, uniq_saint_roka
Vaults:3: ebering_ghost_xom, nicolae_vaults_trapezoid_4,
          vaults_mumra_chevron_long, ontoclasm_vaults_shuriken, v_misc_5,
          nicolae_vaults_network_periphery, nicolae_vaults_tetromino_Z_1,
          ontoclasm_vaults_idyll, nicolae_vaults_closet_pinwheel_5,
          ontoclasm_vaults_twist, nicolae_vaults_three_branches,
          nicolae_vaults_tetromino_Z_2, layout_vaults_big_cross
Vaults:4: nicolae_vaults_circle_grid_b, vaults_standard_mumra_x, v_misc_3,
          nicolae_vaults_security_offices_2, ontoclasm_vaults_gateway,
          v_rooms_5, nicolae_vaults_offset_grid_hallway_4,
          nicolae_vaults_twisting_passages, v_misc_29, vaults_dpeg_cross,
          dpeg_vaults_monster_box, nicolae_vaults_tetromino_Z_1,
          layout_vaults_omnibox, uniq_margery
IceCv:    ice_cave_statue_garden_chambered

Skill      XL: |  1  2  3  4  5  6  7  8  9 10 11 12 13 14 15 16 17 18 19 20 |
---------------+-------------------------------------------------------------+-----
Fighting       | 11 12 13 14 15 16 17 | 17.1
Axes           | 1 2 3 4 5 7 8 9 10 11 12 13 14 | 14.0
Maces & Flails | 1 2 3 4 5 7 8 9 10 11 12 13 14 | 14.0
Polearms       | 1 2 3 4 5 7 8 9 10 11 12 13 14 | 14.0
Staves         | 1 2 3 4 5 7 8 9 10 11 12 13 14 | 14.0
Ranged Weapons | 1 2 3 4 5 7 8 9 10 11 12 13 14 | 14.0
Throwing       | 1 2 3 4 5 7 8 9 10 11 12 13 14 | 14.0
Armour         | 1 2 3 4 5 7 8 9 10 11 12 13 14 | 14.0
Dodging        | 1 2 3 4 5 7 8 9 10 11 12 13 14 | 14.0
Stealth        | 1 2 3 4 5 7 8 9 10 11 12 13 14 | 14.0
Shields        | 1 2 3 4 5 7 8 9 10 11 12 13 14 | 14.0
Unarmed Combat | 1 2 3 4 5 7 8 9 10 11 12 13 14 | 14.0
Spellcasting   | 1 2 3 4 5 7 8 9 10 11 12 13 14 | 14.0
Invocations    | 1 2 3 4 5 6 7 8 9 10 11 12 13 14 15 | 15.2
Shapeshifting  | 1 2 3 4 5 6 7 8 9 10 11 12 | 12.9
Conjurations   | 1 2 3 4 5 6 7 8 9 10 11 | 11.9
Hexes          | 1 2 3 4 5 6 7 8 9 10 11 | 11.9
Summonings     | 1 2 3 4 5 6 7 8 9 10 11 | 11.9
Necromancy     | 1 2 3 4 5 6 7 8 9 10 11 | 11.9
Translocations | 1 2 3 4 5 6 7 8 9 10 11 | 11.9
Transmutations | 1 2 3 4 5 6 7 8 9 10 11 | 11.9
Fire Magic     | 1 2 3 4 5 6 7 8 9 10 11 | 11.9
Ice Magic      | 1 2 3 4 5 6 7 8 9 10 11 | 11.9
Air Magic      | 1 2 3 4 5 6 7 8 9 10 11 | 11.9
Earth Magic    | 1 2 3 4 5 6 7 8 9 10 11 | 11.9
Poison Magic   | 1 2 3 4 5 6 7 8 9 10 11 | 11.9
Long Blades    | 3 4 5 6 7 8 9 10 11 12 13 14 | 14.2
Evocations     | 3 4 5 6 7 8 9 10 11 12 13 14 | 14.2
Short Blades   | 7 8 9 10 11 12 13 14 15 | 15.3

Action                     |  1- 3 |  4- 6 |  7- 9 | 10-12 | 13-15 | 16-18 | 19-21 || total
---------------------------+-------+-------+-------+-------+-------+-------+-------++-------
  Melee: Short sword       |    94 |     3 |       |       |       |       |       ||    97
         Bite              |     9 |     8 |    31 |    95 |   250 |   330 |   267 ||   990
         Dagger            |     5 |    52 |       |       |       |       |       ||    57
         Punch             |     1 |     3 |     6 |    29 |   126 |       |       ||   165
         Rapier            |       |    53 |   257 |   470 |  1342 |  1663 |  1056 ||  4841
         Unarmed           |       |       |     8 |       |       |       |       ||     8
         Broad axe         |       |       |       |       |       |    71 |       ||    71
  Throw: Dart              |       |       |       |     5 |       |     3 |     2 ||    10
         Javelin           |       |       |       |       |     5 |       |       ||     5
   Cast: Tukima's Dance    |       |       |       |       |     5 |    10 |       ||    15
         Summon Lightning  |       |       |       |       |       |     7 |    13 ||    20
 Invoke: Serpent's Lash    |       |       |       |       |     5 |     6 |       ||    11
         Heavenly Storm    |       |       |       |       |     3 |       |     1 ||     4
Ability: Lunge             |       |    12 |    30 |    30 |    82 |   109 |    41 ||   304
         Whirlwind         |       |       |     1 |     5 |   160 |    41 |    52 ||   259
         Wall Jump         |       |       |       |       |     1 |       |       ||     1
  Evoke: Wand              |       |       |       |       |     2 |       |       ||     2
    Use: Scroll            |       |     2 |     7 |    12 |     9 |     9 |     6 ||    45
         Potion            |       |       |       |     1 |     8 |     4 |     1 ||    14
   Stab: Distracted        |       |     1 |     3 |    10 |    47 |    74 |    42 ||   177
         Confused          |       |       |     1 |       |     2 |       |       ||     3
         Sleeping          |       |       |     4 |    22 |    23 |    43 |    19 ||   111
         Fleeing           |       |       |       |       |       |     2 |       ||     2
 Armour: Robe              |    37 |       |       |       |       |   135 |   227 ||   399
         Ring mail         |    18 |       |       |       |       |       |       ||    18
         Chain mail        |     6 |    74 |    16 |       |       |       |       ||    96
         Acid dragon scale |       |       |   145 |   213 |   359 |   284 |       ||  1001
  Dodge: Dodged            |    44 |    13 |   170 |   338 |   663 |   614 |   350 ||  2192
  Block: Other             |       |       |       |    47 |   137 |       |       ||   184
         Reflection        |       |       |       |       |     5 |    72 |    36 ||   113
         Kite shield       |       |       |       |       |    50 |    83 |       ||   133
         Buckler           |       |       |       |       |       |   730 |   375 ||  1105

Table legend: (Time is in decaauts)
 A = Elapsed time spent in this place.
 B = Non-inter-level travel time spent in this place.
 C = Inter-level travel time spent in this place.
 D = Time resting spent in this place.
 E = Time spent auto-exploring this place.
 F = Levels seen in this place.
 G = Mean time per level.
                   A        B        C        D        E       F      G
               +--------+--------+--------+--------+--------+-----+--------+
         Total |  39539 |  36410 |   3129 |   6910 |  22153 |  32 | 1235.6 |
       Dungeon |  17789 |  15804 |   1985 |   2953 |  10340 |  15 | 1185.9 |
          Lair |   6639 |   6267 |    372 |    929 |   4120 |   5 | 1327.8 |
        Shoals |     57 |     57 |      0 |      0 |      0 |   1 |   57.0 |
     Snake Pit |   7144 |   6855 |    289 |   1982 |   3539 |   4 | 1786.0 |
  Orcish Mines |   2387 |   2229 |    158 |    441 |   1262 |   2 | 1193.5 |
        Vaults |   5516 |   5191 |    325 |    605 |   2892 |   4 | 1379.0 |
      Ice Cave |      3 |      3 |      0 |      0 |      0 |   1 |    3.0 |
               +--------+--------+--------+--------+--------+-----+--------+

Top non-repeatable levels by time:
 Snake:1: 3229 daAuts
    D:12: 2550 daAuts
 Snake:2: 1955 daAuts
Vaults:2: 1929 daAuts
  Lair:4: 1854 daAuts
     D:6: 1663 daAuts
     D:9: 1612 daAuts
     D:8: 1553 daAuts
    D:13: 1472 daAuts
   Orc:1: 1394 daAuts
    D:15: 1379 daAuts
  Lair:2: 1356 daAuts
  Lair:5: 1321 daAuts
Vaults:3: 1298 daAuts
  Lair:3: 1231 daAuts

Levels and vault maps discovered:
D:1:      dpeg_arrival_round_c, layout_loops_corners
D:2:      layout_loops_ring, basic_altar, uniq_terence, uniq_sigmund
D:3:      layout_rooms
D:4:      layout_cave_pools, makhleb_altar_promises_db, minivault_5,
          hangedman_abyss_or_decor_stagger, uniq_duvessa
D:5:      layout_rooms, lemuel_coloured_pillars_altar, glass_columns_b
D:6:      minmay_goblin_kobold_castle, layout_basic,
          mainiacjoe_overflow_surrounded_room, uniq_maggie
D:7:      layout_rooms, mainiacjoe_overflow_brackets,
          minmay_temple_entry_junction, minivault_22, uniq_prince_ribbit1
D:8:      layout_loops_ring, mainiacjoe_overflow_alcove_4,
          lemuel_blue_sif_altar, kennysheep_mini,
          gammafunk_temple_overflow_forgotten, hangedman_ranch
D:9:      nicolae_cairo_tiling_large, layout_long_grid, david_lair_shrubbed,
          orc_0_dummy, eino_jars
D:10:     layout_long_grid, kennysheep_small_square
D:11:     layout_irregular_city, enter_trove_3, serial_shops,
          nicolae_diamond_shop, tgw_xom, uniq_nergalle
D:12:     layout_loops_ring, serial_shops, shop, nzn_wu_jian_council_hall
D:13:     minmay_chambers_of_sevens, layout_cave_pools,
          ximxim_vaults_locker_room
D:14:     layout_basic, minmay_misc_feat_square, serial_shops, shop
D:15:     grunt_enter_depths_snipers, layout_long_grid,
          okawaru_ov_weapons_minmay, nicolae_two_hexagons
Lair:1:   layout_small_grid, minmay_holes, uniq_joseph
Lair:2:   layout_gridlike, guppyfry_snake_entry_garden, nzn_sisyphean_effort,
          uniq_urug
Lair:3:   layout_regular_city, elwin_shoals_entry_rooms, lemuel_oklob_altar
Lair:4:   layout_misc_corridors, slime_entry_1, gammafunk_ghost_split,
          serial_bayou_shore_b, serial_bayou_shore_b
Lair:5:   evil_forest, layout_regular_city, gammafunk_ghost_berserking_beasts
Shoals:1: nicolae_shoals_aurelia_aurita, layout_shoals,
          portal_ice_cave_entry_ugly_swarm, nicolae_shoals_pincushion_passage
Snake:1:  layout_chambers, uniq_roxanne, uniq_josephine, uniq_aizul, uniq_rupert
Snake:2:  layout_gridlike, nicolae_snake_bzzzt
Snake:3:  layout_misc_corridors, serial_shops, shop_fountains
Snake:4:  hellmonk_snake_rune_quicksilver_temple, layout_basic,
          nicolae_shop_i_like_small_books_too, st_stairs_8, grunt_megastairs_2,
          uniq_kirke
Orc:1:    layout_caves, nicolae_orc_rockfall, amcnicky_altar_lugonu_corruption,
          uniq_sonja
Orc:2:    st_orc_ogre_mass, layout_caves
Vaults:1: hangedman_vaults_snaps, nicolae_vaults_storing_the_good_stuff,
          grunt_vaults_hallway_short, hangedman_vaults_hat, grunt_vaults_twisty,
          grunt_vaults_bifocal, v_misc_3, v_misc_25, nicolae_vaults_alarming,
          nicolae_vaults_tetromino_Z_1, layout_vaults_maze_snakey
Vaults:2: minmay_crypt_entry_simple_plaza, nicolae_vaults_trapezoid_3,
          v_misc_29, nicolae_vaults_closet_pinwheel_1,
          nicolae_vaults_puzzle_piece,
          nicolae_vaults_variable_pillar_hall_cross, gargoyle_guard,
          nicolae_vaults_border_crossing,
          vaults_standard_mumra_enter_the_diamond, nicolae_vaults_big_ls,
          nicolae_vaults_shelves_hall, grunt_vaults_hallway_long,
          ontoclasm_vaults_decontamination, nicolae_vaults_trapezoid_lopsided_1,
          vaults_room_semicircle, nicolae_vaults_house_1, layout_vaults_ring,
          serial_shops, shop, uniq_nikola, uniq_saint_roka
Vaults:3: ebering_ghost_xom, nicolae_vaults_trapezoid_4,
          vaults_mumra_chevron_long, ontoclasm_vaults_shuriken, v_misc_5,
          nicolae_vaults_network_periphery, nicolae_vaults_tetromino_Z_1,
          ontoclasm_vaults_idyll, nicolae_vaults_closet_pinwheel_5,
          ontoclasm_vaults_twist, nicolae_vaults_three_branches,
          nicolae_vaults_tetromino_Z_2, layout_vaults_big_cross
Vaults:4: nicolae_vaults_circle_grid_b, vaults_standard_mumra_x, v_misc_3,
          nicolae_vaults_security_offices_2, ontoclasm_vaults_gateway,
          v_rooms_5, nicolae_vaults_offset_grid_hallway_4,
          nicolae_vaults_twisting_passages, v_misc_29, vaults_dpeg_cross,
          dpeg_vaults_monster_box, nicolae_vaults_tetromino_Z_1,
          layout_vaults_omnibox, uniq_margery
IceCv:    ice_cave_statue_garden_chambered

Table legend: (Time is in decaauts)
 A = Elapsed time spent in this place.
 B = Non-inter-level travel time spent in this place.
 C = Inter-level travel time spent in this place.
 D = Time resting spent in this place.
 E = Time spent auto-exploring this place.
 F = Levels seen in this place.
 G = Mean time per level.
                   A        B        C        D        E       F      G
               +--------+--------+--------+--------+--------+-----+--------+
         Total |  39539 |  36410 |   3129 |   6910 |  22153 |  32 | 1235.6 |
       Dungeon |  17789 |  15804 |   1985 |   2953 |  10340 |  15 | 1185.9 |
          Lair |   6639 |   6267 |    372 |    929 |   4120 |   5 | 1327.8 |
        Shoals |     57 |     57 |      0 |      0 |      0 |   1 |   57.0 |
     Snake Pit |   7144 |   6855 |    289 |   1982 |   3539 |   4 | 1786.0 |
  Orcish Mines |   2387 |   2229 |    158 |    441 |   1262 |   2 | 1193.5 |
        Vaults |   5516 |   5191 |    325 |    605 |   2892 |   4 | 1379.0 |
      Ice Cave |      3 |      3 |      0 |      0 |      0 |   1 |    3.0 |
               +--------+--------+--------+--------+--------+-----+--------+

Top non-repeatable levels by time:
 Snake:1: 3229 daAuts
    D:12: 2550 daAuts
 Snake:2: 1955 daAuts
Vaults:2: 1929 daAuts
  Lair:4: 1854 daAuts
     D:6: 1663 daAuts
     D:9: 1612 daAuts
     D:8: 1553 daAuts
    D:13: 1472 daAuts
   Orc:1: 1394 daAuts
    D:15: 1379 daAuts
  Lair:2: 1356 daAuts
  Lair:5: 1321 daAuts
Vaults:3: 1298 daAuts
  Lair:3: 1231 daAuts

Table legend:
 A = Kills in this place as a percentage of kills in the entire game.
 B = Kills by you in this place as a percentage of kills by you in the entire game.
 C = Kills by friends in this place as a percentage of kills by friends in the entire game.
 D = Other kills in this place as a percentage of other kills in the entire game.
 E = Experience gained in this place as a percentage of experience gained in the entire game.
 F = Experience gained in this place divided by the number of levels of this place that you have seen.
                   A       B       C       D       E      F
               +-------+-------+-------+-------+-------+----------------------
         Total | 100.0 | 100.0 | 100.0 | 100.0 | 100.0 | 13982.6
       Dungeon |  35.3 |  35.7 |  23.3 |  20.0 |  19.0 | 5674.7
          Lair |  13.2 |  13.5 |   3.3 |   0.0 |  11.4 | 10226.0
        Shoals |   1.8 |   1.7 |   0.0 |  20.0 |   2.1 | 9438.0
     Snake Pit |  15.7 |  15.7 |  16.7 |  20.0 |  21.5 | 24089.8
  Orcish Mines |  12.3 |  12.1 |  16.7 |  20.0 |   6.2 | 13857.5
        Vaults |  21.5 |  21.0 |  40.0 |  20.0 |  39.6 | 44324.2
      Ice Cave |   0.3 |   0.3 |   0.0 |   0.0 |   0.1 | 384.0
               +-------+-------+-------+-------+-------+----------------------
